 Dungeon Crawl Stone Soup version 0.21-a0-476-gd103f4b (webtiles) character file.

257 kae the Insei (level 5, -1/44 HPs)
             Began as a Draconian Transmuter on Nov 22, 2017.
             Slain by an adder (3 damage)
             ... on level 4 of the Dungeon.
             The game lasted 00:04:42 (4346 turns).

kae the Insei (Draconian Transmuter)                Turns: 4346, Time: 00:04:43

Health: -1/44      AC:  5    Str: 12    XL:     5   Next: 93%
Magic:  7/9        EV: 11    Int: 13    God:
Gold:   154        SH:  0    Dex: 13    Spells: 3/9 levels left

rFire    . . .     SeeInvis .   k - +0 war axe
rCold    . . .     Gourm    .   (no shield)
rNeg     . . .     Faith    .   (armour unavailable)
rPois    .         Spirit   .   (helmet restricted)
rElec    .         Reflect  .   (no cloak)
rCorr    .         Harm     .   (no gloves)
MR       .....                  (no boots)
Stlth    +.........             (no amulet)
HPRegen  0.14/turn              (no ring)
MPRegen  0.11/turn              (no ring)

@: lethally poisoned (-1 -> -9), appendage (expiring), heavily drained
A: unfitting armour, horns 2, cold-blooded, AC +5
a: End Transformation


You were on level 4 of the Dungeon.
You were hungry.
You had grown temporary horns.
You visited 1 branch of the dungeon, and saw 4 of its levels.

You collected 154 gold pieces.

Inventory:

Hand Weapons
 e - a +0 dagger
 k - a +0 war axe (weapon)
Missiles
 a - 30 arrows
Jewellery
 q - an uncursed amulet of harm
Wands
 o - a wand of disintegration (17)
 s - a wand of enslavement (16)
Scrolls
 g - 5 scrolls of identify
Books
 b - a book of Changes

   Spells                             Type                      Level
   a - Beastly Appendage              Transmutation                1
   b - Sticks to Snakes               Transmutation                2
   c - Spider Form                    Transmutation/Poison         3
   d - Ice Form                       Ice/Transmutation            4
   e - Blade Hands                    Transmutation                5
Comestibles
 c - 2 bread rations
 i - a meat ration
 m - a royal jelly
 n - a fruit


   Skills:
 + Level 2.8(1.2) Fighting
 - Level 1.7(0.1) Dodging
 * Level 4.4(2.7) Unarmed Combat
 + Level 2.9(1.2) Spellcasting
 * Level 3.9(2.2) Transmutations


You had 3 spell levels left.
You knew the following spells:

 Your Spells              Type           Power        Failure   Level  Hunger
a - Beastly Appendage     Tmut           #.....       11%         1    ##.....
b - Sticks to Snakes      Tmut           #.......     16%         2    ###....
c - Spider Form           Tmut/Pois      #.........   45%         3    ####...


Dungeon Overview and Level Annotations

Branches:
Dungeon (4/15)
 Temple: D:4-7

Altars:

Annotations:
D:3 Grinder, Purgy
D:4 Menkaure


Innate Abilities, Weirdness & Mutations

Your plain brown scales are hard. (AC +5)
You cannot fit into any form of body armour.
You are cold-blooded and may be slowed by cold attacks.
You have a pair of horns on your head.


Message History

Your ball python dies!
The adder hisses angrily.
You aren't carrying any potions.
Unknown command.
You barely miss the adder. Your headbutt misses the adder.
The adder is almost dead.
* * * LOW HITPOINT WARNING * * *
You feel sick. The adder barely misses you.
The adder bites you but does no damage.
You miss the adder.
The adder is almost dead.
* * * LOW HITPOINT WARNING * * *
You feel sick. The adder bites you.
* * * LOW HITPOINT WARNING * * *
The adder misses you.
You barely miss the adder.
The adder is almost dead.
* * * LOW HITPOINT WARNING * * *
You feel sick. The adder bites you.
You die...

..##.# #.##.# #.##.#
#### #. #.##.# ...
.. #.##.##.# .##.
##.##[..## .....
.#####...#....#....#
.............@S....#
######...#.........#
##.#####...#### #.#
#...# #.# #...#
##########.# ##.##
...........# #.#
.#.....##### #.#
.#.###.# #.#


You could see an adder.

Vanquished Creatures
  An orc wizard (D:3)
  Jessica (D:3)
  2 adders
  2 oozes
  An adder skeleton (D:4)
  A worm (D:2)
  A dart slug (D:2)
  2 leopard geckos
  2 orcs (D:3)
  5 giant cockroaches
  7 goblins
  8 hobgoblins
  7 kobolds
  7 bats
  3 frilled lizards
  A quokka skeleton (D:4)
  7 rats
58 creatures vanquished.

Vanquished Creatures (collateral kills)
  Sigmund (D:2)
  Terence (D:2)
  An adder (D:3)
  A bat (D:3)
  A rat (D:2)
5 creatures vanquished.

Grand Total: 63 creatures vanquished

Notes
Turn   | Place    | Note
-------+----------+-------------------------------------------
     0 | D:1      | kae the Draconian Transmuter began the quest for the Orb.
     0 | D:1      | Reached XP level 1. HP: 16/16 MP: 3/3
   650 | D:1      | Reached XP level 2. HP: 19/23 MP: 5/5
   705 | D:1      | Learned a level 2 spell: Sticks to Snakes
  1548 | D:2      | Reached XP level 3. HP: 29/29 MP: 6/6
  1642 | D:2      | Learned a level 3 spell: Spider Form
  1866 | D:2      | Noticed Sigmund
  2845 | D:2      | Killed Sigmund
  2845 | D:2      | Reached skill level 4 in Unarmed Combat
  2845 | D:2      | Reached XP level 4. HP: 37/37 MP: 3/7
  2845 | D:2      | Reached XP level 5. HP: 42/42 MP: 3/8
  2860 | D:2      | Noticed Terence
  2881 | D:2      | Killed Terence
  2992 | D:3      | Noticed Jessica
  3148 | D:3      | Killed Jessica
  3728 | D:3      | Noticed Purgy
  4140 | D:3      | Noticed Grinder
  4140 | D:3      | Paralysed by Grinder for 3 turns
  4175 | D:4      | Noticed Menkaure
  4345 | D:4      | HP: 2/44 [adder (1)]
  4346 | D:4      | Slain by an adder

Vault maps used:
D:1:      dpeg_arrival_connections, minmay_pentomino_p4
D:2:      serial_glass, glass_columns_c, glass_columns_a, uniq_terence,
          uniq_sigmund
D:3:      uniq_grinder, uniq_purgy, uniq_jessica
D:4:      doesnt_xom_only_xom, uniq_menkaure

Skill      XL: |  1  2  3 |
---------------+----------+-----
Fighting       | 2 |  2.8
Unarmed Combat | 4 |  4.4
Transmutations | 3 |  3.9
Dodging        | |  1.7
Spellcasting   | |  2.9

Action                   |  1- 3 |  4- 6 || total
-------------------------+-------+-------++-------
Melee: Dagger            |    91 |       ||    91
       Unarmed           |     6 |       ||     6
       Tailslap          |    19 |    10 ||    29
       Headbutt          |     2 |     2 ||     4
       Spear             |   101 |   151 ||   252
       Kick              |     6 |       ||     6
       War axe           |       |    28 ||    28
       Punch             |       |     1 ||     1
 Cast: Beastly Appendage |     9 |     2 ||    11
       Sticks to Snakes  |     3 |    11 ||    14
  Use: Scroll            |     5 |     3 ||     8
       Potion            |       |     2 ||     2
 Stab: Sleeping          |     3 |     3 ||     6
       Distracted        |       |     1 ||     1
  Eat: Chunk             |     7 |     5 ||    12
Armor: Skin              |    57 |    69 ||   126
Dodge: Dodged            |   160 |   134 ||   294

Table legend:
 A = Spawn XP
 B = Non-spawn XP
 C = Spawn XP percentage of total XP
 D = Spawn monster count
 E = Non-spawn monster count
 F = Spawn count percentage of total count
 G = Total turns spent on level
                    A         B        C        D         E        F      G
               +---------+---------+-------+---------+---------+-------+---------
         Total |       0 |     368 |   0.0 |       0 |      63 |   0.0 |  4346
               +---------+---------+-------+---------+---------+-------+---------
           D:1 |       0 |      52 |   0.0 |       0 |      24 |   0.0 |  2086
           D:2 |       0 |     190 |   0.0 |       0 |      17 |   0.0 |   885
           D:3 |       0 |     120 |   0.0 |       0 |      20 |   0.0 |  1306
           D:4 |       0 |       6 |   0.0 |       0 |       2 |   0.0 |    69
               +---------+---------+-------+---------+---------+-------+---------
